[Event "CZE-ch Youth G10-G12-G14 2022"]
[Site "Luhacovice"]
[Date "2022.03.17"]
[Round "7.42"]
[White "Zilava Lucie"]
[Black "Svrchokrylova, Ludmila"]
[Result "0-1"]
[ECO "C30"]
[WhiteElo "1059"]
[BlackElo "1024"]
[Annotator "NA"]
[PlyCount "148"]
[EventDate "2022.03.12"]
[EventType "swiss"]
[EventCountry "CZE"]
[SourceTitle "playchess.com"]
[Source "ChessBase"]
[SourceQuality "1"]
[TimeControl "40/5400+30:1800+30"]

1. e4 e5 2. Nc3 Nc6 3. Bc4 Bc5 4. d3 d6 5. f4 Nf6 6. Nf3 Bg4 7. h3 Bxf3 8. gxf3 Qd7 9. Bd2 O-O-O 10. Qe2 Nd4 11. Qd1 Nh5 12. Be3 Nxf4 13. Bxd4 Bxd4 14. Qd2 f6 15. O-O-O Bxc3 16. bxc3 Nxh3 17. d4 Nf4 18. d5 h5 19. Qe3 Kb8 20. Kb1 Qa4 21. Bb3 Qb5 22. c4 Qb6 23. Qxb6 axb6 24. Rdg1 g5 25. Rh2 h4 26. Kc1 Rdg8 27. Kd2 c5 28. a4 Kc7 29. c3 Rg7 30. Bd1 Ra8 31. Rhh1 Ng6 32. Ke3 Rh7 33. Rg2 Nf8 34. Rgg1 Nd7 35. Rg2 b5 36. axb5 Nb6 37. Kd3 Na4 38. Ra2 Nb6 39. Rg2 Nd7 40. Rhh2 Rhh8 41. Rb2 b6 42. Rbg2 Ra7 43. Be2 Nf8 44. Kc2 Ng6 45. Rg1 Nf4 46. Rgh1 Ra2+ 47. Kd1 Nxe2 48. Rxe2 Rxe2 49. Kxe2 Kd7 50. Kf2 Ke7 51. Kg2 Kf7 52. Kh3 Kg6 53. Kg4 Ra8 54. Rc1 Ra2 55. Kh3 f5 56. Rd1 fxe4 57. fxe4 Kh5 58. Rg1 Rc2 59. Rg2 Rxg2 60. Kxg2 g4 61. Kh2 Kg5 62. Kg2 Kf4 63. Kf2 h3 64. Kg1 Kf3 65. Kh2 g3+ 66. Kh1 g2+ 67. Kg1 h2+ 68. Kxh2 Kf2 69. Kh3 g1=Q 70. Kh4 Kf3 71. Kh5 Kxe4 72. Kh6 Kf5 73. Kh7 Kf6 74. Kh8 Qg7# 0-1

[Event "CZE-ch Youth G10-G12-G14 2022"]
[Site "Luhacovice"]
[Date "2022.03.18"]
[Round "8.1"]
[White "Lackova, Lucie"]
[Black "Romanko Diana"]
[Result "1-0"]
[ECO "C01"]
[WhiteElo "1142"]
[BlackElo "1000"]
[Annotator "NA"]
[PlyCount "95"]
[EventDate "2022.03.12"]
[EventType "swiss"]
[EventCountry "CZE"]
[SourceTitle "playchess.com"]
[Source "ChessBase"]
[SourceQuality "1"]
[TimeControl "40/5400+30:1800+30"]

1. e4 e6 2. d4 d5 3. exd5 exd5 4. Nf3 Bd6 5. Nc3 c6 6. Be2 Bf5 7. O-O Qc7 8. Re1 Ne7 9. Bd3 Bg4 10. h3 Bh5 11. Qe2 O-O 12. Nd1 Re8 13. Ne3 c5 14. c3 Nd7 15. Qd1 Nf6 16. Nf5 Nxf5 17. Bxf5 Rxe1+ 18. Qxe1 Bxf3 19. gxf3 Bf4 20. dxc5 Bxc1 21. Rxc1 Qxc5 22. Qe5 Re8 23. Qg3 d4 24. Bd3 Rd8 25. Qh4 dxc3 26. Rxc3 Qe5 27. Bxh7+ Kf8 28. Qb4+ Qe7 29. Qxe7+ Kxe7 30. Bc2 Nd5 31. Rc4 Kf8 32. Rd4 Ke8 33. Bb3 Nf6 34. Bxf7+ Ke7 35. Rxd8 Kxd8 36. Kg2 Ke7 37. Bg6 a5 38. Kg3 b5 39. Kf4 Nd5+ 40. Ke5 Nb4 41. Bb1 Kd7 42. f4 a4 43. f5 Nc6+ 44. Kf4 Ke7 45. Kg5 Kf7 46. h4 b4 47. Be4 Nd4 48. Bd5+ 1-0

[Event "CZE-ch Youth G10-G12-G14 2022"]
[Site "Luhacovice"]
[Date "2022.03.18"]
[Round "8.2"]
[White "Janouskova, Eliska"]
[Black "Vanickova Natalie"]
[Result "1-0"]
[ECO "B11"]
[WhiteElo "1167"]
[BlackElo "1000"]
[Annotator "NA"]
[PlyCount "55"]
[EventDate "2022.03.12"]
[EventType "swiss"]
[EventCountry "CZE"]
[SourceTitle "playchess.com"]
[Source "ChessBase"]
[SourceQuality "1"]
[TimeControl "40/5400+30:1800+30"]

1. e4 c6 2. Nf3 d5 3. Nc3 d4 4. Ne2 c5 5. c3 d3 6. Nf4 c4 7. Qa4+ Nc6 8. Qxc4 g6 9. Nxd3 Bg7 10. Nf4 e5 11. Nd5 Nf6 12. Nxf6+ Qxf6 13. Be2 O-O 14. O-O Be6 15. Qa4 Rad8 16. d4 exd4 17. Bg5 Bb3 18. Qxb3 Qd6 19. Bxd8 Rxd8 20. Rad1 a6 21. Bc4 Na5 22. Bxf7+ Kf8 23. Qe6 Qc7 24. Ng5 Bh6 25. Nxh7+ Kg7 26. Qxg6+ Kh8 27. Nf8 Rxf8 28. Qxh6# 1-0

[Event "CZE-ch Youth G10-G12-G14 2022"]
[Site "Luhacovice"]
[Date "2022.03.18"]
[Round "8.3"]
[White "Lickova, Anna"]
[Black "Kusova, Nikola"]
[Result "1/2-1/2"]
[ECO "C42"]
[WhiteElo "1016"]
[BlackElo "1227"]
[Annotator "NA"]
[PlyCount "106"]
[EventDate "2022.03.12"]
[EventType "swiss"]
[EventCountry "CZE"]
[SourceTitle "playchess.com"]
[Source "ChessBase"]
[SourceQuality "1"]
[TimeControl "40/5400+30:1800+30"]

1. e4 e5 2. Nf3 Nf6 3. Nxe5 d6 4. Nf3 Nxe4 5. Nc3 Nf6 6. d4 d5 7. Bf4 Bb4 8. Bd3 Nc6 9. O-O O-O 10. Re1 Bg4 11. Be2 Bxc3 12. bxc3 Ne4 13. c4 Nc3 14. Qd3 Nxe2+ 15. Rxe2 dxc4 16. Qxc4 Bxf3 17. gxf3 Qxd4 18. Qxd4 Nxd4 19. Re7 Rfe8 20. Rxe8+ Rxe8 21. Bxc7 Nxf3+ 22. Kg2 Ne1+ 23. Kg3 Nxc2 24. Rd1 Kf8 25. Bd6+ Kg8 26. Rc1 Nd4 27. Kh3 h6 28. Rc7 Nb5 29. Rd7 Nxd6 30. Rxd6 Re2 31. Rd7 Rxf2 32. Rxb7 Rxa2 33. Rb8+ Kh7 34. Ra8 f5 35. Rf8 g6 36. Kg3 Kg7 37. Rc8 Kf6 38. Rc6+ Kf7 39. Rc7+ Ke8 40. Rg7 a5 41. Rxg6 f4+ 42. Kxf4 Rxh2 43. Ra6 a4 44. Kg3 Ra2 45. Rxh6 a3 46. Ra6 Ra1 47. Kf2 Kd7 48. Ke2 Kc7 49. Kd2 Kb7 50. Ra4 Kb6 51. Kc2 Kb5 52. Ra8 Kc5 53. Kb3 Rb1+ 1/2-1/2

[Event "CZE-ch Youth G10-G12-G14 2022"]
[Site "Luhacovice"]
[Date "2022.03.18"]
[Round "8.4"]
[White "Hujova Tess"]
[Black "Silhankova Simona"]
[Result "0-1"]
[ECO "A21"]
[WhiteElo "1000"]
[BlackElo "1000"]
[Annotator "NA"]
[PlyCount "47"]
[EventDate "2022.03.12"]
[EventType "swiss"]
[EventCountry "CZE"]
[SourceTitle "playchess.com"]
[Source "ChessBase"]
[SourceQuality "1"]
[TimeControl "40/5400+30:1800+30"]

1. c4 e5 2. Nc3 f5 3. g3 Nf6 4. Bg2 g6 5. d3 Bg7 6. f4 Nc6 7. fxe5 Nxe5 8. Nf3 Nc6 9. O-O O-O 10. d4 Ne7 11. Bg5 h6 12. Bxf6 Bxf6 13. Qd2 g5 14. Ne5 d6 15. Nf3 Ng6 16. Ne1 h5 17. Bd5+ Kh8 18. h4 Kg7 19. Nf3 f4 20. hxg5 Bxg5 21. gxf4 Bxf4 22. Qd3 Nh4 23. Nxh4 Qxh4 24. Nb5 0-1

[Event "CZE-ch Youth G10-G12-G14 2022"]
[Site "Luhacovice"]
[Date "2022.03.18"]
[Round "8.5"]
[White "Koutna Simona"]
[Black "Stepankova Linda"]
[Result "0-1"]
[ECO "A22"]
[WhiteElo "1000"]
[BlackElo "1000"]
[Annotator "NA"]
[PlyCount "108"]
[EventDate "2022.03.12"]
[EventType "swiss"]
[EventCountry "CZE"]
[SourceTitle "playchess.com"]
[Source "ChessBase"]
[SourceQuality "1"]
[TimeControl "40/5400+30:1800+30"]

1. c4 e5 2. Nc3 Nf6 3. g3 d5 4. cxd5 Nxd5 5. Bg2 Nxc3 6. bxc3 Nc6 7. e4 Bc5 8. Nf3 O-O 9. O-O Bg4 10. h3 Bh5 11. d3 Qf6 12. Bg5 Bxf3 13. Bxf6 Bxd1 14. Bxg7 Kxg7 15. Rfxd1 Rad8 16. Rab1 b6 17. Rd2 f5 18. Rbd1 f4 19. gxf4 Rxf4 20. d4 exd4 21. cxd4 Rxd4 22. Rxd4 Bxd4 23. Rd2 a5 24. Rc2 Nb4 25. Rxc7+ Kg6 26. Kh2 Rxf2 27. Rc4 Bc5 28. e5 Rxa2 29. Rg4+ Kf5 30. Rh4 Kxe5 31. Rh5+ Kd4 32. Kg3 a4 33. Rh4+ Kc3 34. Rxh7 a3 35. Bd5 Nxd5 36. h4 Rb2 37. h5 a2 38. Ra7 Kb3 39. h6 Rb1 40. h7 Rh1 41. Kg2 Rxh7 42. Rxh7 a1=Q 43. Rh3+ Qc3 44. Rxc3+ Kxc3 45. Kf1 b5 46. Ke1 b4 47. Kd1 b3 48. Kc1 Be3+ 49. Kb1 b2 50. Ka2 Kc2 51. Ka3 b1=Q 52. Ka4 Qb2 53. Ka5 Qb3 54. Ka6 Qb6# 0-1

[Event "CZE-ch Youth G10-G12-G14 2022"]
[Site "Luhacovice"]
[Date "2022.03.18"]
[Round "8.6"]
[White "Zadrapova Gabriela"]
[Black "Vancakova, Veronika"]
[Result "0-1"]
[ECO "C42"]
[WhiteElo "1000"]
[BlackElo "1300"]
[Annotator "NA"]
[PlyCount "66"]
[EventDate "2022.03.12"]
[EventType "swiss"]
[EventCountry "CZE"]
[SourceTitle "playchess.com"]
[Source "ChessBase"]
[SourceQuality "1"]
[TimeControl "40/5400+30:1800+30"]

1. e4 e5 2. Nf3 Nf6 3. Nxe5 d6 4. Nf3 Nxe4 5. Nc3 Nxc3 6. dxc3 Be7 7. Be3 Nc6 8. Qd2 Be6 9. a3 Bf6 10. O-O-O a6 11. Ng5 Qd7 12. Nxe6 fxe6 13. Bg5 O-O-O 14. Bxf6 gxf6 15. Bd3 Ne5 16. Be4 f5 17. Bf3 Nxf3 18. gxf3 Rhg8 19. Rhg1 Qf7 20. Rg5 Rxg5 21. Qxg5 Rg8 22. Qe3 Kb8 23. f4 Qf6 24. Qf3 Qg6 25. Rd4 Qg2 26. Qh5 Qg1+ 27. Rd1 Qxf2 28. Rd4 Rg1+ 29. Rd1 Qxf4+ 30. Kb1 Rxd1+ 31. Qxd1 Qxh2 32. c4 Qf2 33. Qh5 Qf1+ 0-1

[Event "CZE-ch Youth G10-G12-G14 2022"]
[Site "Luhacovice"]
[Date "2022.03.18"]
[Round "8.7"]
[White "Melicharova Veronika"]
[Black "Mazurkova Viktorie"]
[Result "0-1"]
[ECO "A45"]
[WhiteElo "1000"]
[BlackElo "1000"]
[Annotator "NA"]
[PlyCount "109"]
[EventDate "2022.03.12"]
[EventType "swiss"]
[EventCountry "CZE"]
[SourceTitle "playchess.com"]
[Source "ChessBase"]
[SourceQuality "1"]
[TimeControl "40/5400+30:1800+30"]

1. e4 e6 2. d4 Nf6 3. Nc3 Bb4 4. Nf3 Bxc3+ 5. bxc3 Nxe4 6. Bd2 Nxd2 7. Qxd2 d5 8. c4 c6 9. cxd5 Qxd5 10. Be2 O-O 11. O-O Nd7 12. Rab1 c5 13. c4 Qd6 14. dxc5 Qxd2 15. Nxd2 Nxc5 16. Nb3 Nxb3 17. Rxb3 Rd8 18. h3 h6 19. Bf3 Rb8 20. Ra3 a6 21. Rb3 Rd4 22. c5 e5 23. Re1 f6 24. c6 b5 25. c7 Rb6 26. a4 Rxa4 27. Bd5+ Kf8 28. Rc1 Rd4 29. Bc6 Rd6 30. Bf3 Ke7 31. Bg4 Bb7 32. c8=Q Bxc8 33. Bxc8 Rbc6 34. Rbc3 Rxc3 35. Rxc3 Rd1+ 36. Kh2 b4 37. Rc7+ Kd8 38. Rc6 b3 39. Bf5 a5 40. Bg4 Ra1 41. Rc8+ Ke7 42. Rb8 a4 43. Rb7+ Kd8 44. Rd7+ Ke8 45. Be6 b2 46. Bf5 b1=Q 47. Bxb1 Kxd7 48. Bf5+ Kd6 49. g3 a3 50. f4 exf4 51. gxf4 Rf1 52. Kg3 a2 53. Bd3 a1=Q 54. Bxf1 g5 55. h4 0-1

[Event "CZE-ch Youth G10-G12-G14 2022"]
[Site "Luhacovice"]
[Date "2022.03.18"]
[Round "8.8"]
[White "Martikanova Amalie"]
[Black "Rudova Jana"]
[Result "0-1"]
[ECO "C56"]
[WhiteElo "1245"]
[BlackElo "1000"]
[Annotator "NA"]
[PlyCount "64"]
[EventDate "2022.03.12"]
[EventType "swiss"]
[EventCountry "CZE"]
[SourceTitle "playchess.com"]
[Source "ChessBase"]
[SourceQuality "1"]
[TimeControl "40/5400+30:1800+30"]

1. e4 e5 2. Nf3 Nc6 3. Bc4 Nf6 4. d4 exd4 5. e5 d5 6. Bb5 Ne4 7. Nxd4 Bd7 8. Nxc6 bxc6 9. Bd3 Bc5 10. O-O O-O 11. Be3 Bxe3 12. fxe3 Qe7 13. Nd2 Qxe5 14. Nf3 Qxb2 15. Ne1 g6 16. Nf3 Nf6 17. Nd4 Ng4 18. Qf3 Ne5 19. Qg3 Nxd3 20. cxd3 c5 21. Nf3 c6 22. Qh4 h5 23. Qg5 d4 24. Qf6 Rab8 25. e4 Qc2 26. Qg5 Rb2 27. Rf2 Qxf2+ 28. Kh1 Rfb8 29. Rg1 Rb1 30. Qh6 Rxg1+ 31. Nxg1 Rb1 32. h3 Qxg1# 0-1

[Event "CZE-ch Youth G10-G12-G14 2022"]
[Site "Luhacovice"]
[Date "2022.03.18"]
[Round "8.9"]
[White "Jenikova Sabina"]
[Black "Kubalova Nikol"]
[Result "1-0"]
[ECO "D02"]
[WhiteElo "1076"]
[BlackElo "1000"]
[Annotator "NA"]
[PlyCount "47"]
[EventDate "2022.03.12"]
[EventType "swiss"]
[EventCountry "CZE"]
[SourceTitle "playchess.com"]
[Source "ChessBase"]
[SourceQuality "1"]
[TimeControl "40/5400+30:1800+30"]

1. d4 e6 2. Bf4 Nf6 3. Nf3 d5 4. e3 Bb4+ 5. c3 Bd6 6. Qa4+ Bd7 7. Bb5 Bxf4 8. Bxd7+ Nbxd7 9. exf4 O-O 10. O-O Nb6 11. Qc2 Ng4 12. Ng5 g6 13. Qe2 Nh6 14. Qf3 Re8 15. Qh3 f6 16. Nxe6 Qd7 17. Nxc7 Qxc7 18. Qxh6 Re6 19. Qh3 Rae8 20. f5 Re1 21. Nd2 Rxa1 22. Rxa1 gxf5 23. Qxf5 Kf7 24. h4 1-0

[Event "CZE-ch Youth G10-G12-G14 2022"]
[Site "Luhacovice"]
[Date "2022.03.18"]
[Round "8.10"]
[White "Tarielasvili Kira"]
[Black "Topencikova Ellen"]
[Result "1-0"]
[ECO "B11"]
[WhiteElo "1000"]
[BlackElo "1000"]
[Annotator "NA"]
[PlyCount "57"]
[EventDate "2022.03.12"]
[EventType "swiss"]
[EventCountry "CZE"]
[SourceTitle "playchess.com"]
[Source "ChessBase"]
[SourceQuality "1"]
[TimeControl "40/5400+30:1800+30"]

1. e4 c6 2. Nf3 d5 3. Nc3 Nf6 4. d3 dxe4 5. dxe4 Qxd1+ 6. Kxd1 Bg4 7. e5 Bxf3+ 8. gxf3 Nd5 9. Nxd5 cxd5 10. Be3 e6 11. Bb5+ Nc6 12. Rg1 a6 13. Bd3 Nxe5 14. Be2 Ng6 15. Bd4 f6 16. h3 Bd6 17. h4 O-O 18. h5 e5 19. Bb6 Nf4 20. h6 Rf7 21. Bf1 e4 22. fxe4 dxe4 23. Bc4 Nh3 24. Rg4 f5 25. Rxg7+ Kh8 26. Bxf7 Be5 27. Rg2 Bxb2 28. Rb1 Nf4 29. Rg3 1-0

[Event "CZE-ch Youth G10-G12-G14 2022"]
[Site "Luhacovice"]
[Date "2022.03.18"]
[Round "8.12"]
[White "Markina, Sofiia"]
[Black "Kozusnikova, Daniela"]
[Result "0-1"]
[ECO "C42"]
[WhiteElo "1367"]
[BlackElo "1364"]
[Annotator "NA"]
[PlyCount "76"]
[EventDate "2022.03.12"]
[EventType "swiss"]
[EventCountry "CZE"]
[SourceTitle "playchess.com"]
[Source "ChessBase"]
[SourceQuality "1"]
[TimeControl "40/5400+30:1800+30"]

1. e4 e5 2. Nf3 Nf6 3. Nxe5 d6 4. Nf3 Nxe4 5. d4 d5 6. Bd3 Nc6 7. O-O Be7 8. c4 Nb4 9. Be2 O-O 10. Nc3 Nxc3 11. bxc3 Nc6 12. Bf4 dxc4 13. Bxc4 Bd6 14. Bg5 Qd7 15. Re1 Na5 16. Bd3 Nc6 17. Qc2 h6 18. Bf5 Qxf5 19. Qxf5 Bxf5 20. Bd2 Rfe8 21. a3 Rxe1+ 22. Nxe1 Re8 23. Nf3 Na5 24. Be3 Nc4 25. Bc1 Bg4 26. Kf1 Bxf3 27. gxf3 Re6 28. h3 Rf6 29. Ke2 Bf4 30. Bxf4 Rxf4 31. Kd3 Nb6 32. Ke3 Rh4 33. a4 a5 34. Kd3 Rxh3 35. c4 Rxf3+ 36. Ke2 Rb3 37. c5 Nd5 38. Kf1 Rb4 0-1

[Event "CZE-ch Youth G10-G12-G14 2022"]
[Site "Luhacovice"]
[Date "2022.03.18"]
[Round "8.13"]
[White "Buchtova, Viktorie"]
[Black "Horkova, Tereza"]
[Result "0-1"]
[ECO "B45"]
[WhiteElo "1464"]
[BlackElo "1375"]
[Annotator "NA"]
[PlyCount "104"]
[EventDate "2022.03.12"]
[EventType "swiss"]
[EventCountry "CZE"]
[SourceTitle "playchess.com"]
[Source "ChessBase"]
[SourceQuality "1"]
[TimeControl "40/5400+30:1800+30"]

1. e4 c5 2. Nf3 e6 3. d4 cxd4 4. Nxd4 Nf6 5. Nc3 Nc6 6. Ndb5 Bb4 7. a3 Bxc3+ 8. Nxc3 d5 9. Bg5 d4 10. Ne2 Qa5+ 11. Qd2 Qxd2+ 12. Bxd2 Nxe4 13. Bf4 e5 14. f3 Nd6 15. Bg3 O-O 16. O-O-O Nf5 17. f4 e4 18. h3 Be6 19. Bf2 e3 20. g4 Nfe7 21. Bh4 Bd5 22. Rg1 Ng6 23. Bg3 Bf3 24. f5 Bxe2 25. Bxe2 Nge7 26. Bh4 Rfd8 27. f6 Ng6 28. Bg3 gxf6 29. Rgf1 Kg7 30. Rf5 Nce7 31. Rb5 b6 32. Bf3 Rac8 33. Rb4 d3 34. c3 e2 35. Rd2 Ne5 36. Be4 N7c6 37. Bxc6 Rxc6 38. Rf4 Nc4 39. Rd4 Rxd4 40. cxd4 Nxd2+ 41. Kxd2 Rc2+ 42. Kxd3 Rxb2 43. Bf2 Rb3+ 44. Kxe2 Rxa3 45. h4 a5 46. d5 Rb3 47. d6 Rb2+ 48. Ke3 Kf8 49. Bg3 Rb3+ 50. Kf4 Rxg3 51. Kf5 Rd3 52. Kxf6 Rxd6+ 0-1

[Event "CZE-ch Youth G10-G12-G14 2022"]
[Site "Luhacovice"]
[Date "2022.03.18"]
[Round "8.14"]
[White "Slivova, Linda"]
[Black "Barteckova, Valerie"]
[Result "1/2-1/2"]
[ECO "D12"]
[WhiteElo "1298"]
[BlackElo "1250"]
[Annotator "NA"]
[PlyCount "95"]
[EventDate "2022.03.12"]
[EventType "swiss"]
[EventCountry "CZE"]
[SourceTitle "playchess.com"]
[Source "ChessBase"]
[SourceQuality "1"]
[TimeControl "40/5400+30:1800+30"]

1. d4 d5 2. e3 Bf5 3. c4 c6 4. Qb3 Qc7 5. Nc3 e6 6. Nf3 Nf6 7. Be2 Bd6 8. c5 Be7 9. O-O Nbd7 10. Bd2 O-O 11. h3 h6 12. Qd1 Ne4 13. Nxe4 Bxe4 14. b4 Bf6 15. Bc3 e5 16. dxe5 Nxe5 17. Nxe5 Bxe5 18. Bxe5 Qxe5 19. Qd4 Qg5 20. g3 Rfe8 21. Bd3 Re7 22. Bxe4 Rxe4 23. Qc3 Rae8 24. Rad1 a6 25. Rd4 Rxd4 26. exd4 Qf6 27. Re1 Rxe1+ 28. Qxe1 Kf8 29. Qe3 Qf5 30. Kg2 Qc2 31. Qf4 Qe4+ 32. Qxe4 dxe4 33. f3 exf3+ 34. Kxf3 Ke7 35. Ke4 Ke6 36. g4 g6 37. h4 f6 38. a4 f5+ 39. gxf5+ gxf5+ 40. Kf4 Kf6 41. Kf3 Kg6 42. Kf4 Kh5 43. Kxf5 Kxh4 44. b5 axb5 45. axb5 cxb5 46. d5 b4 47. d6 b3 48. d7 1/2-1/2

[Event "CZE-ch Youth G10-G12-G14 2022"]
[Site "Luhacovice"]
[Date "2022.03.18"]
[Round "8.15"]
[White "Martinkova Klara"]
[Black "Kammova, Katerina"]
[Result "1-0"]
[ECO "C01"]
[WhiteElo "1177"]
[BlackElo "1376"]
[Annotator "NA"]
[PlyCount "67"]
[EventDate "2022.03.12"]
[EventType "swiss"]
[EventCountry "CZE"]
[SourceTitle "playchess.com"]
[Source "ChessBase"]
[SourceQuality "1"]
[TimeControl "40/5400+30:1800+30"]

1. e4 e6 2. d4 d5 3. exd5 exd5 4. c4 Bb4+ 5. Nc3 Nf6 6. Bg5 O-O 7. Bd3 dxc4 8. Bxc4 Nc6 9. Nge2 a6 10. O-O h6 11. Bh4 Bg4 12. f3 Bf5 13. Nd5 Be7 14. Nxe7+ Qxe7 15. Ng3 Bh7 16. Re1 Qd6 17. Ne2 Rac8 18. Qd2 Nd5 19. Bxd5 Qxd5 20. a3 Rfe8 21. Rac1 Qa5 22. Qxa5 Nxa5 23. Bg3 Nc6 24. d5 Ne5 25. Nd4 f6 26. f4 Nd3 27. Rxe8+ Rxe8 28. Rxc7 b6 29. d6 Rd8 30. d7 Kf7 31. Rb7 b5 32. Nc6 Be4 33. Nxd8+ Ke7 34. Nf7 1-0

[Event "CZE-ch Youth G10-G12-G14 2022"]
[Site "Luhacovice"]
[Date "2022.03.18"]
[Round "8.16"]
[White "Stara, Zuzana"]
[Black "Hladka, Leontyna"]
[Result "1-0"]
[ECO "C78"]
[WhiteElo "1322"]
[BlackElo "1134"]
[Annotator "NA"]
[PlyCount "165"]
[EventDate "2022.03.12"]
[EventType "swiss"]
[EventCountry "CZE"]
[SourceTitle "playchess.com"]
[Source "ChessBase"]
[SourceQuality "1"]
[TimeControl "40/5400+30:1800+30"]

1. e4 e5 2. Nf3 Nc6 3. Bb5 a6 4. Ba4 Bc5 5. c3 b5 6. Bc2 d6 7. O-O Nf6 8. Re1 O-O 9. a4 Rb8 10. a5 Bg4 11. h3 Bh5 12. d3 h6 13. b4 Ba7 14. Nbd2 Qd7 15. Nf1 Rfe8 16. Ne3 Ne7 17. Bb3 Rbc8 18. Qe2 Bg6 19. Bd2 Rb8 20. Red1 Bh7 21. Nh4 Ng6 22. Nef5 Nxh4 23. Nxh4 Qe7 24. Qf3 Rf8 25. Qg3 Nh5 26. Qg4 Nf6 27. Nf5 Bxf5 28. Qxf5 Qd7 29. Qf3 Kh7 30. Qg3 Ng8 31. Bc1 Qe7 32. Qf3 Qf6 33. Qg3 Ne7 34. Be3 Bxe3 35. Qxe3 Ra8 36. Rac1 Kg8 37. d4 Rfc8 38. Kf1 c6 39. dxe5 Qxe5 40. Qf3 Rf8 41. Kg1 c5 42. Bd5 Nxd5 43. Rxd5 Qe7 44. Rcd1 Rfd8 45. Qf4 cxb4 46. cxb4 Re8 47. f3 Qa7+ 48. Kh2 Re6 49. Rxd6 Rxd6 50. Qxd6 Qe3 51. Qc6 Ra7 52. Qc8+ Kh7 53. Qf5+ g6 54. Qd5 Qf4+ 55. Kh1 Qc7 56. Qd6 Qb7 57. Qf8 Ra8 58. Rd8 Rxd8 59. Qxd8 Qc6 60. Qd2 Qc7 61. Kg1 Qa7+ 62. Kf1 Qc7 63. Kf2 Qc8 64. Ke3 Qc4 65. Qd4 Qc1+ 66. Qd2 Qg1+ 67. Kd3 Qb1+ 68. Kc3 Qa1+ 69. Kb3 Qb1+ 70. Kc3 Qa1+ 71. Qb2 Qe1+ 72. Kd4 Qd1+ 73. Kc5 Qg1+ 74. Kc6 Qd1 75. Qf6 Qc2+ 76. Kb7 Qc4 77. Qe7 Kg7 78. Kxa6 Qc6+ 79. Ka7 Qc4 80. a6 Qd4+ 81. Kb7 Qc4 82. a7 Qc3 83. a8=Q 1-0

[Event "CZE-ch Youth G10-G12-G14 2022"]
[Site "Luhacovice"]
[Date "2022.03.18"]
[Round "8.17"]
[White "Barteckova, Nikol"]
[Black "Lukaskova Ellen"]
[Result "1-0"]
[ECO "C56"]
[WhiteElo "1140"]
[BlackElo "1058"]
[Annotator "NA"]
[PlyCount "50"]
[EventDate "2022.03.12"]
[EventType "swiss"]
[EventCountry "CZE"]
[SourceTitle "playchess.com"]
[Source "ChessBase"]
[SourceQuality "1"]
[TimeControl "40/5400+30:1800+30"]

1. e4 e5 2. Nf3 Nc6 3. d4 exd4 4. Bc4 Nf6 5. e5 d5 6. Bb5 Nd7 7. O-O Bc5 8. Bxc6 bxc6 9. Nxd4 Bxd4 10. Qxd4 O-O 11. Re1 Re8 12. Bf4 Qh4 13. c3 Nb6 14. Bg3 Qxd4 15. cxd4 f6 16. Nd2 fxe5 17. Bxe5 Re7 18. b3 Bb7 19. Nf3 Rc8 20. h3 Nd7 21. Bg3 Rxe1+ 22. Rxe1 Nf6 23. Re7 Kf8 24. Rxc7 Rxc7 25. Bxc7 Ke7 1-0

[Event "CZE-ch Youth G10-G12-G14 2022"]
[Site "Luhacovice"]
[Date "2022.03.18"]
[Round "8.18"]
[White "Kavanova Valentyna"]
[Black "Bouchalova, Kveta"]
[Result "1-0"]
[ECO "D07"]
[WhiteElo "1000"]
[BlackElo "1303"]
[Annotator "NA"]
[PlyCount "65"]
[EventDate "2022.03.12"]
[EventType "swiss"]
[EventCountry "CZE"]
[SourceTitle "playchess.com"]
[Source "ChessBase"]
[SourceQuality "1"]
[TimeControl "40/5400+30:1800+30"]

1. d4 d5 2. c4 Nc6 3. Nf3 Bg4 4. e3 e6 5. Nc3 Nf6 6. Be2 Be7 7. O-O O-O 8. a3 Na5 9. c5 b6 10. b4 Nc4 11. Ne5 Bxe2 12. Qxe2 Nxe5 13. dxe5 Nd7 14. e4 d4 15. Nb5 Nxe5 16. Bf4 Bf6 17. Qd1 d3 18. Ra2 a6 19. Nc3 Ng6 20. Bd2 bxc5 21. bxc5 Qd4 22. Qc1 Qxc5 23. Na4 Qxc1 24. Bxc1 Rfd8 25. Rd1 Nf4 26. Bxf4 e5 27. Be3 Rab8 28. Nc5 a5 29. Rad2 Rb5 30. Rxd3 Rdb8 31. Nd7 R8b7 32. Nxf6+ gxf6 33. Bh6 1-0

[Event "CZE-ch Youth G10-G12-G14 2022"]
[Site "Luhacovice"]
[Date "2022.03.18"]
[Round "8.19"]
[White "Sochorova Valentyna"]
[Black "Stehlikova, Vanessa"]
[Result "0-1"]
[ECO "C64"]
[WhiteElo "1201"]
[BlackElo "1039"]
[Annotator "NA"]
[PlyCount "162"]
[EventDate "2022.03.12"]
[EventType "swiss"]
[EventCountry "CZE"]
[SourceTitle "playchess.com"]
[Source "ChessBase"]
[SourceQuality "1"]
[TimeControl "40/5400+30:1800+30"]

1. e4 e5 2. Nf3 Nc6 3. Bb5 Nf6 4. O-O Bc5 5. Re1 O-O 6. c3 d6 7. h3 a6 8. Ba4 Be6 9. d4 exd4 10. cxd4 Bb4 11. Bd2 Bd7 12. d5 Bxd2 13. Nbxd2 Na7 14. Bc2 b5 15. Nf1 Re8 16. Ng3 h6 17. a3 c6 18. Qd2 cxd5 19. exd5 Rxe1+ 20. Rxe1 Qc7 21. Ne4 Nh7 22. Qd3 Bf5 23. Nh4 Bxe4 24. Qxe4 Nf6 25. Qd3 Rc8 26. Re2 a5 27. Nf5 Rf8 28. Qg3 g6 29. Nxh6+ Kh8 30. Qh4 Nh7 31. Qd4+ f6 32. Bxg6 Qg7 33. Bxh7 Qxh7 34. Ng4 Qg7 35. Re6 f5 36. Rh6+ Kg8 37. Qxg7+ Kxg7 38. Rxd6 fxg4 39. Rd7+ Rf7 40. Rxf7+ Kxf7 41. hxg4 Kf6 42. Kh2 Ke5 43. Kh3 Kxd5 44. f4 Nc6 45. Kh4 Ke6 46. Kh5 Kf6 47. g5+ Kg7 48. f5 Ne5 49. g3 b4 50. a4 b3 51. g4 Nd3 52. f6+ Kf7 53. g6+ Kg8 54. Kh6 Ne5 55. g5 Ng4+ 56. Kh5 Ne5 57. f7+ Kg7 58. Kh4 Nxg6+ 59. Kg4 Ne5+ 60. Kf5 Nxf7 61. g6 Nd6+ 62. Ke5 Nc4+ 63. Kd4 Nxb2 64. Kc3 Nxa4+ 65. Kxb3 Nb6 66. Kc3 a4 67. Kb4 Kxg6 68. Ka3 Kf5 69. Kb4 Ke4 70. Ka3 Kd4 71. Kb4 Kd3 72. Ka3 Kc2 73. Ka2 Nc4 74. Ka1 Kb3 75. Kb1 Ka3 76. Ka1 Ne3 77. Kb1 Kb3 78. Ka1 Nc2+ 79. Kb1 a3 80. Kc1 a2 81. Kd1 a1=Q+ 0-1

[Event "CZE-ch Youth G10-G12-G14 2022"]
[Site "Luhacovice"]
[Date "2022.03.18"]
[Round "8.20"]
[White "Bartova Hana"]
[Black "Stavova, Lucie"]
[Result "1-0"]
[ECO "C25"]
[WhiteElo "1000"]
[BlackElo "1048"]
[Annotator "NA"]
[PlyCount "80"]
[EventDate "2022.03.12"]
[EventType "swiss"]
[EventCountry "CZE"]
[SourceTitle "playchess.com"]
[Source "ChessBase"]
[SourceQuality "1"]
[TimeControl "40/5400+30:1800+30"]

1. e4 e5 2. Nc3 Nc6 3. f4 exf4 4. d4 Qh4+ 5. Ke2 b6 6. Nf3 Ba6+ 7. Kd2 Qf2+ 8. Ne2 Qe3+ 9. Ke1 Qxe4 10. Kf2 O-O-O 11. Nc3 Qf5 12. Bxa6+ Kb8 13. Bd3 Qh5 14. Bxf4 f6 15. Re1 Nge7 16. Kg1 g5 17. Bg3 g4 18. Nd2 Nxd4 19. h3 f5 20. Be5 Rg8 21. Bxd4 Qh6 22. hxg4 Rxg4 23. Bf2 Qg5 24. Qf3 Qxd2 25. Be3 Rxg2+ 26. Qxg2 Qxg2+ 27. Kxg2 Bg7 28. Bg5 Rg8 29. Kf3 Nc6 30. Kf4 Rf8 31. a3 Nd4 32. Rac1 Ne6+ 33. Rxe6 dxe6 34. Re1 e5+ 35. Kg3 f4+ 36. Kf3 Kc8 37. Bxh7 c5 38. Re4 Rh8 39. Bf5+ Kb7 40. Nd5 Rd8 1-0